[Event "Early-Titled-Tuesday-Blitz-October-17-2023"]
[Site "Chess.com"]
[Date "2023.10.17"]
[Round "1"]
[White "Anton_Demchenko"]
[Black "ylr5000"]
[Result "0-1"]
[WhiteElo "3015"]
[BlackElo "2540"]
[TimeControl "180+1"]
[EndTime "8:07:54 PDT"]
[Termination "ylr5000 won by checkmate"]

1. e4 c5 2. Nf3 d6 3. d4 cxd4 4. Nxd4 Nf6 5. Nc3 Nc6 6. Bg5 e6 7. Qd2 a6 8. O-O-O Bd7 9. Kb1 h6 10. Be3 Ng4 11. Nxc6 Bxc6 12. Bf4 Qc7 13. Bg3 O-O-O 14.
f3 Nf6 15. Qe3 Be7 16. Bc4 Kb8 17. Bf2 b5 18. Bb3 Nd7 19. Nd5 Bxd5 20. exd5 e5 21. a4 Nc5 22. axb5 axb5 23. Qe2 Qb7 24. Bxc5 dxc5 25.
d6 Bxd6 26. Bd5 Qb6 27. Bxf7 Kc7 28. c3 Ra8 29. Bd5 Ra6 30. Kc2 c4 31. Ra1 Rd8 32. Rhd1 Kb8 33. Qe1 Bc7 34. Be4 Rxd1 35. Rxd1 Qa5 36. Rd7 Qa4+ 37. Kd2 Rd6+ 38. Rxd6 Bxd6 39. Qf2 Kc7 40. Qg3 g5 41. Qf2 Qa2 42. Kc1 Qa1+ 43. Bb1 Qa6 44. Qc2 Qb6 45. Qe2 Qg1+ 46. Kc2 Qxh2 47.
b3 cxb3+ 48. Kxb3 Qg1 49. Bd3 Qc5 50. Bxb5 Qa3+ 51. Kc2 Qa2+ 52. Kd3 Qb1+ 53. Kd2 Qb2+ 54. Ke1 Qc1+ 55. Kf2 Bc5+ 56. Kg3 Qf4+ 57. Kh3 Qh4# 0-1

[Event "Early-Titled-Tuesday-Blitz-October-17-2023"]
[Site "Chess.com"]
[Date "2023.10.17"]
[Round "1"]
[White "GMSrinath"]
[Black "Shuvalov"]
[Result "1-0"]
[WhiteElo "2870"]
[BlackElo "2503"]
[TimeControl "180+1"]
[EndTime "8:07:55 PDT"]
[Termination "GMSrinath won on time"]

1. Nf3 Nf6 2. c4 g6 3. d4 Bg7 4. g3 c6 5. Bg2 d5 6. cxd5 cxd5 7. O-O Ne4 8. Nc3 Nxc3 9. bxc3 O-O 10. Qb3 Nc6 11.
Ba3 Na5 12. Qb4 Re8 13. Nd2 e5 14. dxe5 Bxe5 15. Rfd1 Nc6 16. Qb3 Be6 17. Qxb7 Na5 18. Qb4 Rc8 19. Rac1 Bg7 20. Qa4 Nc4 21. Nxc4 Rxc4 22. Qxa7 Rxc3 23. Rxc3 Bxc3 24. Bc5 Qa8 25. Qxa8 Rxa8 26. a3 Bb2 27. h4 Kg7 28. Rb1 Bf6 29.
Bb4 Rc8 30. a4 Rc2 31. e3 Ra2 32. a5 d4 33. exd4 Bxd4 34. Be1 h5 35. Bb7 Bf5 36. Rd1 Bf6 37. Rc1 Bd4 38. Rd1 Ba7 39. Rc1 Kh7 40.
Rc7 Ra1 41. Rxf7+ Kg8 42. Re7 Bc5 43. Re5 Bb4 44. Kf1 Bd3+ 45. Kg2 Rxe1 46. Rd5 1-0

[Event "Early-Titled-Tuesday-Blitz-October-17-2023"]
[Site "Chess.com"]
[Date "2023.10.17"]
[Round "1"]
[White "Masterbeaterr"]
[Black "SAInt_666"]
[Result "0-1"]
[WhiteElo "2452"]
[BlackElo "2767"]
[TimeControl "180+1"]
[EndTime "8:07:56 PDT"]
[Termination "SAInt_666 won by resignation"]

1. d4 Nf6 2. c4 e6 3. Nf3 d5 4. Nc3 Bb4 5. e3 O-O 6. Bd2 c5 7. cxd5 exd5 8. Bd3 c4 9. Bc2 Nc6 10. O-O Bg4 11. h3 Bh5 12. a3 Bd6 13. Bf5 Re8 14. g4 Bg6 15. Nh4 Bxf5 16. Nxf5 Bf8 17. Qf3 a6 18. g5 Ne4 19. Nxe4 Rxe4 20. Qg2 Qd7 21. Ng3 Ree8 22. f4 b5 23. f5 b4 24. axb4 Bxb4 25. Nh5 Kh8 26. Bxb4 Nxb4 27. g6 fxg6 28. fxg6 Rf8 29. Rxf8+ Rxf8 30. Rf1 Rxf1+ 31. Qxf1 hxg6 32. Nf4 Qf5 33. Qf3 Kh7 34. Kh2 a5 35. h4 a4 36. Qg3 Nd3 37. Nh3 a3 38. Ng5+ Kh6 39. bxa3 Qf2+ 40. Qxf2 Nxf2 41. Nf3 c3 42. Ne1 Ng4+ 43.
Kg3 Nxe3 44. a4 c2 45. Nd3 Nf5+ 46. Kf4 Nxd4 47. a5 Kh5 48. a6 Nc6 49. Ke3 Nb4 50. a7 Nxd3 51. a8=Q c1=Q+ 52. Kxd3 Qc4+ 53. Kd2 Qd4+ 54. Kc2 Qe4+ 55. Kd2 Kxh4 56. Qh8+ Kg3 57. Qxg7 Qf4+ 58.
Kc2 g5 59. Qg6 Qe4+ 0-1

[Event "Early-Titled-Tuesday-Blitz-October-17-2023"]
[Site "Chess.com"]
[Date "2023.10.17"]
[Round "1"]
[White "Actuary44"]
[Black "dianamirza"]
[Result "1/2-1/2"]
[WhiteElo "2531"]
[BlackElo "2044"]
[TimeControl "180+1"]
[EndTime "8:07:56 PDT"]
[Termination "Game drawn by stalemate"]

1. e4 c5 2. d4 cxd4 3. c3 dxc3 4.
Nxc3 Nc6 5. f4 d6 6. Nf3 Nf6 7. Bd3 Bg4 8. O-O e6 9. Kh1 Be7 10. Qe1 Bxf3 11. Rxf3 Nd4 12. Rh3 h5 13. Be3 e5 14.
Bxd4 exd4 15. Bb5+ Kf8 16. Nd5 Nxd5 17. exd5 g6 18. f5 Bf6 19. fxg6 fxg6 20. Qe4 Kg7 21. Rg3 Rh6 22. Rf1 Qe7 23. Qd3 g5 24. Rgf3 Rf8 25.
Ba4 Qe5 26. Bc2 Qxd5 27. Rf5 Qe6 28. Qb5 Rf7 29. Bb3 Qd7 30. Bxf7 Qxb5 31. Rxb5 Kxf7 32. Rxb7+ Ke6 33. Rxa7 Be5 34. a4 d3 35. Rd1 Rf6 36. g3 Rf3 37. b4 Bc3 38. b5 d2 39. Rc7 Re3 40. Rxc3 Re1+ 41. Kg2 Rxd1 42. Rd3 Ra1 43. Rxd2 Rxa4 44. Rb2 Ra7 45. Kf3 Rb7 46. Ke4 d5+ 47.
Kd4 Kd6 48. Rb1 h4 49. gxh4 gxh4 50. b6 Kc6 51. Rc1+ Kd6 52. Rb1 h3 53. Rg1 Rxb6 54. Rg6+ Kc7 55. Rxb6 Kxb6 56. Kxd5 Kc7 57. Ke6 Kd8 58. Kf7 Kd7 59. Kf6 Ke8 60. Kg7 Ke7 61. Kg6 Kf8 62. Kg5 Kg7 63. Kg4 Kh8 64. Kxh3 Kg8 65.
Kh4 Kh8 66. Kh5 Kg8 67. Kh6 Kh8 68. h4 Kg8 69. h5 Kh8 70. Kg6 Kg8 71. h6 Kh8 72. h7 1/2-1/2

[Event "Early-Titled-Tuesday-Blitz-October-17-2023"]
[Site "Chess.com"]
[Date "2023.10.17"]
[Round "1"]
[White "santosalberto1987"]
[Black "samolo"]
[Result "0-1"]
[WhiteElo "2447"]
[BlackElo "2736"]
[TimeControl "180+1"]
[EndTime "8:07:57 PDT"]
[Termination "samolo won by resignation"]

1. e4 d6 2. d4 Nf6 3. Nc3 g6 4. Be3 c6 5. Nf3 Nbd7 6. Qd2 Qc7 7. Bd3 e5 8. O-O-O Ng4 9. Bg5 exd4 10. Nxd4 Bg7 11.
h3 Nge5 12. f4 Nxd3+ 13. Qxd3 Nc5 14. Qd2 O-O 15. Nb3 Nxb3+ 16. axb3 h6 17. Bh4 d5 18. exd5 Qa5 19. Kb1 Bf5 20. g4 Bxc3 21. bxc3 Be4 22. f5 Qxd5 23. Qxd5 cxd5 24. Rhe1 Rac8 25. Kb2 b5 26. Rd2 Rfe8 27. fxg6 fxg6 28. Bf6 Kf7 29. Bd4 Rc7 30. Ra1 Ree7 31. h4 h5 32. gxh5 gxh5 33. Rf2+ Ke8 34. Ra5 Rb7 35. Ra6 Kd8 36. Rf8+ Kd7 37. Rxa7 Rxa7 38. Bxa7 Ke6 39. Bd4 Rf7 40. Rb8 Rf4 41. Rb6+ Kf5 42. Bf6 Rf2 43. Bg5 Rxc2+ 44. Ka3 Rxc3 45. Rxb5 Rc8 46. Rb6 d4 47. Rd6 d3 48. b4 Ke5 49. Rd7 Bd5 50. b5 Rc3+ 51. Kb4 Rc2 52. b6 d2 53. Bxd2 Rxd2 54. Kc5 Rc2+ 55.
Kb5 Bc6+ 56. Ka6 Bxd7 57. b7 Rb2 58. Ka7 Kf4 59. b8=Q+ Rxb8 60. Kxb8 Kg4 61. Kc7 Kxh4 0-1

[Event "Early-Titled-Tuesday-Blitz-October-17-2023"]
[Site "Chess.com"]
[Date "2023.10.17"]
[Round "1"]
[White "sorch29"]
[Black "Fonsofan"]
[Result "0-1"]
[WhiteElo "2404"]
[BlackElo "2680"]
[TimeControl "180+1"]
[EndTime "8:07:57 PDT"]
[Termination "Fonsofan won by checkmate"]

1. d4 Nf6 2. c4 c5 3. Nf3 d5 4.
e3 Nc6 5. Nc3 e6 6. a3 a5 7. Bd3 Be7 8. O-O cxd4 9. exd4 O-O 10. cxd5 Nxd5 11. Qc2 Nf6 12. Rd1 h6 13. Qe2 b6 14.
Bc4 Re8 15. Bf4 Bb7 16. Rac1 Bd6 17. Ne5 Rc8 18. Bb5 Re7 19. Bg3 Rec7 20. h3 Ne7 21.
Re1 Nf5 22. Rcd1 Nxg3 23. fxg3 Nd5 24. Ne4 Rc2 25. Rd2 Rxd2 26. Qxd2 Ne7 27. Re2 Bxe5 28. dxe5 Qxd2 29. Nxd2 Rc2 30. b3 Bd5 31. b4 axb4 32. axb4 Rb2 33. Nf3 Rxb4 34. Bd3 Nc6 35. Rc2 g6 36. Be2 Bxf3 37. Bxf3 Nxe5 38. Rc8+ Kg7 39. Bb7 Rb1+ 40. Kh2 Rb2 41. g4 g5 42. Rd8 Ng6 43. Rd3 Kf6 44. Rd7 Ne5 45. Rc7 b5 46. Ba8 b4 47. Be4 b3 48. Rb7 Re2 49. Bb1 b2 50. Ba2 Nf3+ 51. Kg3 Ne1 52. Bb1 Rxg2# 0-1

[Event "Early-Titled-Tuesday-Blitz-October-17-2023"]
[Site "Chess.com"]
[Date "2023.10.17"]
[Round "1"]
[White "BeautiFullMindChess"]
[Black "HalfIsCrayfish"]
[Result "1-0"]
[WhiteElo "2269"]
[BlackElo "2571"]
[TimeControl "180+1"]
[EndTime "8:07:57 PDT"]
[Termination "BeautiFullMindChess won by checkmate"]

1. e4 c5 2. Nf3 Nc6 3. d4 cxd4 4.
Nxd4 Nf6 5. Nc3 e5 6. Ndb5 d6 7. Bg5 a6 8. Na3 b5 9. Nd5 Be7 10.
Nxe7 Nxe7 11. Bxf6 gxf6 12. Bd3 d5 13. Qh5 b4 14.
Nb1 Bb7 15. Nd2 Ng6 16. g3 O-O 17. O-O-O Qa5 18. Kb1 Rac8 19. h4 Qc7 20. Qf3 Qd6 21. exd5 Bxd5 22. Ne4 Bxe4 23. Bxe4 Qb6 24. h5 Ne7 25.
Rd7 Qe6 26. Rhd1 Kh8 27. R7d6 Qc4 28. Qxf6+ Kg8 29. Qxe7 Qxe4 30. Qg5+ Kh8 31. Qf6+ Kg8 32. R6d2 Rxc2 33. Rxc2 Rc8 34. Qg5+ Kh8 35. Qd2 Kg7 36. h6+ Kg6 37. Rc1 Rxc2 38. Rxc2 Kf5 39. a3 Qd5 40.
Qxd5 Kf6 41. Rc6+ Kf5 42. Qxf7+ Kg4 43. Qxh7 Kh3 44. Qg7 Kg2 45. h7 Kxf2 46. h8=Q Ke3 47. Qxe5+ Kf2 48. Rc2+ Kf3 49. Qf8+ Kg4 50. Qef4+ Kh3 51.
Q8h6# 1-0

[Event "Early-Titled-Tuesday-Blitz-October-17-2023"]
[Site "Chess.com"]
[Date "2023.10.17"]
[Round "1"]
[White "ProfessorChess101"]
[Black "mary-sanna"]
[Result "1-0"]
[WhiteElo "2556"]
[BlackElo "2171"]
[TimeControl "180+1"]
[EndTime "8:07:57 PDT"]
[Termination "ProfessorChess101 won on time"]

1. e4 c5 2. Nf3 Nc6 3. Bd3 e5 4.
O-O Bd6 5. c3 Nge7 6. Bc4 O-O 7.
Re1 a6 8. a4 b6 9. d3 Bc7 10.
Nbd2 d5 11. exd5 Nxd5 12. Ne4 Bg4 13. h3 Bh5 14. Bg5 Qd7 15. Qe2 h6 16. Bxd5 Qxd5 17. Bxh6 f5 18. Qe3 f4 19. Bxf4 exf4 20. Qe2 Rad8 21.
Neg5 Bxf3 22. Nxf3 Rde8 23. Qxe8 Rxe8 24. Rxe8+ Kf7 25.
Rae1 Qxd3 26. Ng5+ Kg6 27. h4 Ne5 28. Ne6 Qd2 29. Rf1 Kf7 30. Nxc7 Ng4 31. Re4 Qd6 32. Ne8 Qb8 33. Rfe1 f3 34. Rxg4 fxg2 35. Kxg2 Qb7+ 36. Kg3 Qb8+ 37. Rf4+ Kg6 38. Re6+ Kh7 39. Re7 Kh6 40. Nxg7 Qg8 41. Rf6+ Kh7 42. Kh3 Kh8 43. Rh6+ Qh7 44. Nf5 1-0

[Event "Early-Titled-Tuesday-Blitz-October-17-2023"]
[Site "Chess.com"]
[Date "2023.10.17"]
[Round "1"]
[White "ural58"]
[Black "Krakozia"]
[Result "1-0"]
[WhiteElo "2536"]
[BlackElo "3008"]
[TimeControl "180+1"]
[EndTime "8:07:59 PDT"]
[Termination "ural58 won on time"]

1. e4 c5 2. Nf3 e6 3. b3 a6 4.
Bb2 Nc6 5. g3 d5 6. exd5 exd5 7.
Bg2 Qe7+ 8. Qe2 Nf6 9. Bxf6 gxf6 10. Nc3 Qxe2+ 11. Nxe2 Nb4 12. Kd1 Bf5 13. Ne1 O-O-O 14. a3 Nc6 15. Nc3 Bg4+ 16. Kc1 d4 17. Ne4 Bg7 18.
Nxc5 d3 19. Nexd3 f5 20. Bxc6 Bxa1 21. Bxb7+ Kc7 22. f3 Bh5 23. Nf4 Bd4 24. Nxh5 Bxc5 25.
Bxa6 Bxa3+ 26. Kd1 Ra8 27. Bd3 Bb4 28. Ke2 Rhe8+ 29.
Kf2 Bxd2 30. Rd1 Be3+ 31. Kg2 f4 32. Nf6 Red8 33. Nxh7 Ra6 34. Ng5 fxg3 35. Nxf7 Rd5 36. hxg3 Rf6 37. Re1 Bd4 38. Re7+ Rd7 39. Rxd7+ Kxd7 40.
Ng5 Be3 41. Ne4 Rh6 42. b4 Rb6 43. b5 Rh6 44. f4 Ke6 45. Kf3 Bd4 46. Nf2 Rh2 47.
Ng4 Rd2 48. Ke4 Bc3 49. Ne3 Rh2 50. g4 Kd6 51. f5 Kc5 52. Kf4 Bd2 53. f6 1-0

[Event "Early-Titled-Tuesday-Blitz-October-17-2023"]
[Site "Chess.com"]
[Date "2023.10.17"]
[Round "1"]
[White "semchik73"]
[Black "BardArtem"]
[Result "0-1"]
[WhiteElo "2456"]
[BlackElo "2780"]
[TimeControl "180+1"]
[EndTime "8:08:00 PDT"]
[Termination "BardArtem won on time"]

1. Nf3 d5 2. c4 e6 3. d4 Nf6 4.
Nc3 h6 5. Bf4 dxc4 6. e4 Bb4 7.
Qc2 Nc6 8. Bxc4 O-O 9. Rd1 Ne7 10.
O-O Ng6 11. Be3 c6 12. a3 Ba5 13. b4 Bc7 14. h3 Nh5 15. Ne5 Bxe5 16. dxe5 Qh4 17.
Be2 Nhf4 18. Bxf4 Qxf4 19. g3 Qxe5 20. f4 Qf6 21. e5 Qe7 22. Bd3 Kh7 23. h4 Kh8 24. Bxg6 fxg6 25. Qxg6 Bd7 26. Ne4 Be8 27.
Qg4 a5 28. Nd6 axb4 29. axb4 Qc7 30. Ra1 Qb6+ 31. Kg2 Rxa1 32. Rxa1 Qxb4 33. Ra8 Qd2+ 34. Kh3 Qd5 35. Qe2 Qh1+ 36. Qh2 Qf1+ 37. Qg2 Qd1 38.
Rxe8 Rxe8 39. Nxe8 b5 40. Qxc6 b4 41. Nd6 Kh7 42.
Qe4+ Kh8 43. Nf7+ Kg8 44. Nd6 b3 45. Qb4 h5 46. Qb8+ Kh7 47. Qb7 Qc2 48. Ne8 Qf5+ 49.
Kh2 Qc2+ 50. Kh3 Qg6 51. Qxb3 Qg4+ 52. Kh2 Qe2+ 0-1

[Event "Early-Titled-Tuesday-Blitz-October-17-2023"]
[Site "Chess.com"]
[Date "2023.10.17"]
[Round "1"]
[White "Keeper0416"]
[Black "nitpicker"]
[Result "1-0"]
[WhiteElo "2593"]
[BlackElo "2260"]
[TimeControl "180+1"]
[EndTime "8:08:00 PDT"]
[Termination "Keeper0416 won on time"]

1. b3 e5 2. Bb2 d6 3. d4 e4 4. d5 f5 5. g3 Nf6 6. Nh3 g6 7. Nf4 Bg7 8. h4 Kf7 9. c4 a5 10. Na3 Na6 11. Qd2 Nc5 12. e3 Re8 13. Be2 h5 14. Nb5 Ng4 15. Bxg4 fxg4 16. Bxg7 Kxg7 17. Nd4 Qf6 18. a3 Nd3+ 19. Nxd3 exd3 20. Qxd3 Bd7 21. O-O g5 22. hxg5 Qxg5 23. Qc3 Re5 24. Kg2 h4 25. Ne2 Rh8 26. Rh1 Bf5 27. gxh4 Rxh4 28. Rxh4 Qxh4 29.
Ng3 Qh3+ 30. Kg1 Bg6 31. e4 Kg8 32. Ne2 Qh4 33. Qg3 Qg5 34. Nf4 Bxe4 35. Re1 Bf3 36. Re3 Rxe3 37. fxe3 Qe7 38. Kf2 Qe4 39. Qh4 Qc2+ 40.
Kg3 Qf5 41. Qd8+ Kh7 42. Qxc7+ Kh6 43. Qxd6+ Kg7 44. Qe7+ Kh6 45. Qe6+ Kg5 46. Qxf5+ Kxf5 47. b4 axb4 48. axb4 Bd1 49. c5 Ba4 50. d6 Bd7 51. Nd5 Ke5 52. Nb6 Bf5 53. d7 1-0

[Event "Early-Titled-Tuesday-Blitz-October-17-2023"]
[Site "Chess.com"]
[Date "2023.10.17"]
[Round "1"]
[White "DrCeltic"]
[Black "Ariadna_Atreides"]
[Result "1-0"]
[WhiteElo "2564"]
[BlackElo "2190"]
[TimeControl "180+1"]
[EndTime "8:08:00 PDT"]
[Termination "DrCeltic won on time"]

1. e4 c6 2. d4 d5 3. exd5 cxd5 4. c4 e6 5. Nc3 Nf6 6. Nf3 Bb4 7. cxd5 Nxd5 8. Bd2 O-O 9. Bd3 b6 10.
Qc2 Bb7 11. Bxh7+ Kh8 12. Be4 Nd7 13. Nxd5 Bxd2+ 14. Qxd2 exd5 15. Bd3 Re8+ 16. Kf1 Nf6 17. Ne5 Kg8 18. h4 Ne4 19. Qf4 f6 20. Nf3 Rc8 21. h5 Qc7 22. Qxc7 Rxc7 23. g3 Bc8 24. Kg2 Bf5 25. Nh4 Bh7 26. Rhe1 Rce7 27. Bb5 Rc8 28. Ng6 Bxg6 29. hxg6 Rc2 30. Re2 Rec7 31. Bd3 Rxe2 32.
Bxe2 Rc2 33. Kf3 Rxb2 34. Rc1 Nd2+ 35. Ke3 Nc4+ 36. Bxc4 dxc4 37. Rxc4 Kf8 38. Rc8+ Ke7 39. Rc7+ Kd6 40. Rxa7 Kd5 41. Rxg7 Rxa2 42. Rd7+ Ke6 43. Rb7 Ra6 44. g7 Ra8 45. Rxb6+ Kf7 46. Rb7+ Kg6 47. Kf4 Re8 48. f3 Rd8 49. Ke4 f5+ 50. Ke5 Re8+ 51. Kd5 Rd8+ 52. Ke6 Rxd4 53. g8=Q+ 1-0

[Event "Early-Titled-Tuesday-Blitz-October-17-2023"]
[Site "Chess.com"]
[Date "2023.10.17"]
[Round "1"]
[White "Kotofeyca"]
[Black "SchmakAttack"]
[Result "0-1"]
[WhiteElo "2432"]
[BlackElo "2723"]
[TimeControl "180+1"]
[EndTime "8:08:02 PDT"]
[Termination "SchmakAttack won on time"]

1. d4 d5 2. c4 e6 3. Nc3 Nf6 4.
Bg5 dxc4 5. e4 Bb4 6. e5 h6 7. Bd2 Nd5 8. Bxc4 Nb6 9. Bb5+ c6 10. Bd3 Qxd4 11. Qe2 Qd8 12. O-O-O Nd5 13. Ne4 Bxd2+ 14. Rxd2 O-O 15. Qg4 Nd7 16. Nf3 f5 17. exf6 N7xf6 18.
Nxf6+ Qxf6 19. Qe4 Qf5 20. Qh4 Qf4 21. Qh5 Bd7 22.
Qg6 Nf6 23. Re1 Rad8 24. Ne5 Be8 25. Qg3 Nd5 26. Bc2 c5 27. Qxf4 Rxf4 28. g3 Rd4 29. f4 Rxd2 30. Kxd2 Nxf4+ 31. Kc3 Nd5+ 32. Kc4 b6 33.
Be4 Ne7 34. Re2 Rd4+ 35. Kc3 Bb5 36. Re3 Nd5+ 37. Bxd5 exd5 38. Nf3 Re4 39. Rxe4 dxe4 40. Ne5 e3 41. b3 Kf8 42. Ng4 e2 43. Kd2 Ke7 44. a4 Ba6 45. Ne5 Kd6 46. Nf7+ Kd5 47. Nd8 Ke4 48. Ne6 g5 49. Ng7 Kf3 50. Ke1 Kg2 51.
Nf5 Kxh2 52. g4 Kh3 53. Nxh6 Kg3 54. Nf5+ Kxg4 55. Ne3+ Kf3 56. Nd5 g4 57. b4 cxb4 0-1

[Event "Early-Titled-Tuesday-Blitz-October-17-2023"]
[Site "Chess.com"]
[Date "2023.10.17"]
[Round "1"]
[White "supereagles1201"]
[Black "MKlose11"]
[Result "0-1"]
[WhiteElo "2352"]
[BlackElo "2638"]
[TimeControl "180+1"]
[EndTime "8:08:02 PDT"]
[Termination "MKlose11 won on time"]

1. d4 Nf6 2. Bg5 c5 3. d5 g6 4. Nc3 Bg7 5. e4 d6 6. Bb5+ Bd7 7. a4 O-O 8. Nf3 Bg4 9. Be2 Na6 10. O-O Nc7 11.
Nd2 Bxe2 12. Qxe2 Rb8 13. Nc4 b6 14. Nb5 a6 15. Na7 Qd7 16. Nc6 Rb7 17. a5 b5 18.
Nb6 Qe8 19. c4 bxc4 20. Qxc4 h6 21. Bh4 g5 22. Bg3 Nd7 23. Nxd7 Qxd7 24. Rad1 Rxb2 25. e5 Qf5 26. exd6 exd6 27. Bxd6 Nxd5 28. Qxd5 Qxd5 29.
Rxd5 Re8 30. Bxc5 Rb5 31. Rfd1 Kh7 32. Be3 Rc8 33. Ne7 Rc2 34. Rxb5 axb5 35. a6 Ra2 36. a7 b4 37. Nf5 b3 38. Nxg7 b2 39. Kf1 Ra1 40.
a8=Q Rxd1+ 41. Ke2 b1=Q 42. Nh5 Qd3+ 43. Kf3 Qf5+ 44.
Kg3 Qe5+ 45. Kh3 Qe6+ 46. g4 Qd6 47. Qe4+ Qg6 48. Qxg6+ fxg6 49. Nf6+ Kg7 50. Ne4 Kf7 51. Kg3 Ra1 52. h4 Ra3 53. hxg5 hxg5 54. Nxg5+ Kg7 55. Ne4 Ra4 0-1

[Event "Early-Titled-Tuesday-Blitz-October-17-2023"]
[Site "Chess.com"]
[Date "2023.10.17"]
[Round "1"]
[White "Journey_to_GrandMaster_YT"]
[Black "esrosenberg"]
[Result "0-1"]
[WhiteElo "2641"]
[BlackElo "2386"]
[TimeControl "180+1"]
[EndTime "8:08:03 PDT"]
[Termination "esrosenberg won by checkmate"]

1. d4 d5 2. Nf3 Bf5 3. c4 e6 4.
Qb3 Nc6 5. Bd2 Rb8 6. e3 Nf6 7. cxd5 exd5 8. Bb5 Be7 9. O-O O-O 10. Nc3 Na5 11.
Qa4 c6 12. Be2 b6 13. Ne5 Qd6 14. Rab1 Bxb1 15. Rxb1 Bd8 16. b4 b5 17. Bxb5 cxb5 18.
Nxb5 Rxb5 19. Qxb5 Nc4 20. Nxc4 dxc4 21. Qxc4 Bc7 22. g3 Ne4 23. Be1 Bb6 24. a4 Qg6 25.
a5 Nd2 26. Bxd2 Qxb1+ 27. Kg2 Bd8 28. b5 Bf6 29. Bb4 Rb8 30. Qc7 Qe4+ 31. f3 Qb7 32. b6 axb6 33. Bd6 Qxc7 34. Bxc7 Rb7 35. axb6 Kf8 36.
d5 Ke8 37. f4 Kd7 38. Kf3 Be7 39. e4 Bc5 40. e5 Bxb6 41. Bxb6 Rxb6 42. Ke4 g6 43. h4 Rb4+ 44. Kf3 Rd4 45. d6 Ke6 46. Kg4 h6 47. h5 g5 48. Kf3 f6 49. Ke3 Rd1 50.
Ke4 gxf4 51. gxf4 fxe5 52. fxe5 Re1+ 53. Kf4 Rxe5 54. d7 Rd5 55. Ke4 Rxd7 56. Kf4 Rg7 57. Kf3 Rg5 58. Kf4 Rxh5 59. Kg4 Rg5+ 60. Kh4 Kf5 61. Kh3 Rg4 62. Kh2 Kf4 63. Kh3 Kf3 64. Kh2 Rg3 65. Kh1 Kf2 66. Kh2 Rf3 67. Kh1 Rh3# 0-1

[Event "Early-Titled-Tuesday-Blitz-October-17-2023"]
[Site "Chess.com"]
[Date "2023.10.17"]
[Round "1"]
[White "ckgchess"]
[Black "Truequitos"]
[Result "1/2-1/2"]
[WhiteElo "2902"]
[BlackElo "2518"]
[TimeControl "180+1"]
[EndTime "8:08:05 PDT"]
[Termination "Game drawn - insufficient material"]

1. e4 e6 2. d4 d5 3. Nd2 c5 4.
Ngf3 cxd4 5. exd5 Qxd5 6. Bc4 Qd6 7. O-O Nf6 8. Nb3 Nc6 9. Qe2 Be7 10. Rd1 Qc7 11. Nbxd4 Nxd4 12. Rxd4 O-O 13. Bf4 Qc5 14. Be3 Qa5 15. Rad1 a6 16. Rh4 Bd7 17. Bd4 Bb5 18. Bxb5 Qxb5 19. Qxb5 axb5 20. a3 Nd5 21. Rg4 g6 22.
Be5 f6 23. Bg3 f5 24. Rgd4 Rfc8 25. c3 Bc5 26. R4d2 f4 27. Bh4 h6 28. Re2 Re8 29.
Re5 Bd6 30. Rexd5 exd5 31. Bf6 Re2 32. Rxd5 Rae8 33. h4 Bf8 34. Rxb5 b6 35. Bd4 Bc5 36. b4 Bxd4 37. Nxd4 Rd2 38. Rxb6 Re1+ 39. Kh2 Rxf2 40. Rxg6+ Kh7 41. Re6 Rxe6 42. Nxe6 f3 43. Nf4 fxg2 44. Nxg2 Rf3 45. c4 Rxa3 46. Nf4 Rc3 47. c5 Rc4 48. Nd5 Rd4 49. Ne3 Rxb4 50. Kg3 Kg6 51. c6 Rb3 52. Kf4 Rc3 53. Nd5 Rc4+ 54. Ke5 Kh5 55. c7 Rxc7 56. Nxc7 Kxh4 57. Nd5 Kg3 58. Nf6 h5 59. Nxh5+ 1/2-1/2

[Event "Early-Titled-Tuesday-Blitz-October-17-2023"]
[Site "Chess.com"]
[Date "2023.10.17"]
[Round "1"]
[White "Mikasinski"]
[Black "pineapplepenn"]
[Result "0-1"]
[WhiteElo "2682"]
[BlackElo "2429"]
[TimeControl "180+1"]
[EndTime "8:08:06 PDT"]
[Termination "pineapplepenn won by resignation"]

1. e4 d6 2. d4 Nf6 3. Nc3 g6 4. f4 Bg7 5. Nf3 O-O 6. e5 dxe5 7. dxe5 Qxd1+ 8. Kxd1 Nh5 9. Ke1 Bg4 10. Be2 Nc6 11.
Be3 Rad8 12. Rd1 Nb4 13. Rd2 Bh6 14. g3 f6 15. a3 Nc6 16. exf6 exf6 17. Nd5 Rde8 18.
Kf2 Rf7 19. Bc4 Be6 20. Re1 g5 21. f5 Bxf5 22. Nxc7 Re7 23. Bxf7+ Kxf7 24. Nd5 Re8 25. Nd4 Be4 26. Nc3 Nxd4 27. Nxe4 Rxe4 28. Rxd4 Re7 29. g4 Ng7 30. Ra4 a6 31. Bc5 Rd7 32. Rd4 Rc7 33.
b4 Ne6 34. Rc4 Bf8 35. Rce4 Nxc5 36. bxc5 Bxc5+ 37. Kf3 Bd6 38. c4 Be5 39. a4 Ke6 40. h4 h6 41. h5 Rd7 42. Rb1 Rd3+ 43. Re3 Rd7 44. Reb3 Rd4 45. Rxb7 Rxc4 46. R1b6+ Bd6 47. Rxa6 Rf4+ 48. Ke3 Rxg4 49. Rbb6 Rg3+ 50. Ke2 Rg2+ 51. Kd1 Rg1+ 52. Kc2 Rg2+ 53. Kd3 Rg3+ 54. Kc4 Rg4+ 55. Kb5 Rd4 56. Kc6 g4 57. a5 g3 58. Rb2 f5 59. Kb7 f4 60. Rc6 f3 61. Rc3 f2 62.
Re3+ Kf5 63. Rf3+ Rf4 64. a6 Rxf3 65. a7 Ra3 66. a8=Q Rxa8 67. Rb1 g2 0-1

[Event "Early-Titled-Tuesday-Blitz-October-17-2023"]
[Site "Chess.com"]
[Date "2023.10.17"]
[Round "1"]
[White "biostatistician"]
[Black "LionKing2367890"]
[Result "1-0"]
[WhiteElo "2582"]
[BlackElo "2250"]
[TimeControl "180+1"]
[EndTime "8:08:08 PDT"]
[Termination "biostatistician won by resignation"]

1. d4 Nf6 2. Nf3 e6 3. c4 d5 4. Nc3 Bb4 5. e3 O-O 6. a3 Bxc3+ 7. bxc3 c6 8. Bd3 Re8 9. O-O dxc4 10. Bxc4 Nbd7 11.
Qb3 b5 12. Be2 Bb7 13. a4 a6 14. Ba3 Rb8 15. Bd6 Rc8 16. c4 Nb6 17. Bc5 Ne4 18. Bxb6 Qxb6 19. axb5 cxb5 20. cxb5 Nc3 21. Bd3 axb5 22. Ne5 Bd5 23. Qb2 f6 24. Nd7 Qc6 25.
Nc5 Na4 26. Qxb5 Nxc5 27. Qxc6 Rxc6 28. dxc5 Rxc5 29. Rfc1 Rec8 30. Rxc5 Rxc5 31. e4 Bc4 32. Rc1 Bxd3 33. Rxc5 Bxe4 34. f3 Bd5 35. Kf2 Kf7 36. Ke3 h5 37. h4 g5 38. Rc1 Kg6 39. Rh1 g4 40. Rg1 Kf5 41. Rb1 Ke5 42. Rb8 f5 43. f4+ Kf6 44. g3 Kg6 45. Kd4 Kg7 46.
Ke5 Kf7 47. Rd8 Kg7 48. Rd7+ Kg6 49. Rc7 Kh6 50. Rd7 Kg6 51. Rxd5 exd5 52. Kxd5 Kf7 53. Ke5 Kg6 54. Ke6 Kg7 55. Kxf5 Kh6 56. Kf6 Kh7 57.
Kg5 Kg7 58. Kxh5 Kh7 59. Kxg4 Kg6 60. f5+ 1-0

[Event "Early-Titled-Tuesday-Blitz-October-17-2023"]
[Site "Chess.com"]
[Date "2023.10.17"]
[Round "1"]
[White "abc_xyz4744"]
[Black "Susal_De_Silva"]
[Result "0-1"]
[WhiteElo "2384"]
[BlackElo "2663"]
[TimeControl "180+1"]
[EndTime "8:08:13 PDT"]
[Termination "Susal_De_Silva won by resignation"]

1. e4 c6 2. d4 d5 3. exd5 cxd5 4.
c4 Nf6 5. Nc3 g6 6. Qb3 Bg7 7. cxd5 O-O 8. Be2 Nbd7 9. Bf3 Nb6 10. Nge2 Bg4 11. Bxg4 Nxg4 12. O-O Qd7 13. Bf4 Nf6 14.
d6 exd6 15. Rac1 d5 16. Nb5 Nc4 17. Qb4 Rfc8 18. b3 Bf8 19. Qa4 a6 20. bxc4 axb5 21.
Qxb5 Rxc4 22. Qxd7 Nxd7 23. Nc3 Nb6 24. Be3 Bb4 25.
Nb5 Rxa2 26. Rb1 Na4 27. Rfc1 Nb2 28. g3 Nd3 29. Rxc4 dxc4 30. Rd1 Ba5 31. d5 Kf8 32. d6 Ke8 33. Bf4 Kd7 34. Nd4 Rb2 35. Nf3 b5 36. Ne5+ Nxe5 37. Bxe5 c3 38. Rc1 b4 39. Ra1 Re2 40.
Rxa5 Rxe5 41. Ra7+ Kxd6 42. Ra6+ Kd5 43. Rb6 c2 44. Rb5+ Kc4 45. Rb8 c1=Q+ 46. Kg2 b3 47. Rc8+ Rc5 48. Rd8 b2 49. Re8 b1=Q 50. Re4+ Qxe4+ 0-1

[Event "Early-Titled-Tuesday-Blitz-October-17-2023"]
[Site "Chess.com"]
[Date "2023.10.17"]
[Round "1"]
[White "Levanzovsky"]
[Black "KNVB"]
[Result "0-1"]
[WhiteElo "2412"]
[BlackElo "2692"]
[TimeControl "180+1"]
[EndTime "8:08:15 PDT"]
[Termination "KNVB won by resignation"]

1. e4 e5 2. Nf3 Nc6 3. Bc4 Nf6 4. d3 h6 5. h3 d6 6. Nc3 Na5 7. O-O Nxc4 8. dxc4 Be6 9. b3 c6 10. c5 dxc5 11. Nxe5 Qd4 12. Qxd4 cxd4 13. Ne2 c5 14. f3 Nd7 15. Nd3 g5 16. Ba3 c4 17. Nb4 a5 18.
Nd5 Bxa3 19. Nc7+ Ke7 20. Nxa8 Rxa8 21. Nxd4 Bc5 22. c3 cxb3 23. axb3 Bxb3 24. Rfb1 a4 25. Kf1 Bxd4 26. cxd4 Nb6 27. Ke2 Rc8 28. Rc1 Rxc1 29. Rxc1 Nc4 30. Kd3 b5 31. Kc3 Kd6 32. Kb4 Kc6 33.
Rc3 Kb6 34. d5 f6 35. g3 Bd1 36. f4 gxf4 37. gxf4 a3 38. Rc1 Bf3 39. Re1 a2 40. Kb3 Bxe4 41. Kxa2 Bxd5 42. Kb1 Kc5 43. Re7 Nd2+ 44.
Kc2 Ne4 45. Kd3 Nf2+ 46. Ke3 Nxh3 47. Rh7 Ng1 48. Rxh6 f5 49. Rh8 Be4 50. Rc8+ Kd5 51. Rc3 Nf3 52. Rc1 b4 53. Rc8 Nh4 54. Rb8 Ng2+ 55. Kd2 Kc4 56. Rc8+ Kb3 57. Rc1 Nxf4 58. Ke3 Nd5+ 59. Kd4 Nc3 60. Rf1 Ne2+ 61. Kc5 Ng3 62. Rf2 Kc3 63. Rh2 b3 64. Rh3 f4 65. Kb5 b2 66.
Ka4 b1=Q 67. Rxg3+ fxg3 0-1